 Dungeon Crawl Stone Soup version 0.25.1-2-g60ff931df9 (webtiles) character file.

Game seed: 14301923566831980390

34193 hawla the Thaumaturge (level 13, -5/100 HPs)
             Began as a White Draconian Venom Mage on Nov 10, 2020.
             Was an Elder of Vehumet.
             Slain by a gargoyle
             ... wielding a +0 flail
              (21 damage)
             ... on level 13 of the Dungeon.
             The game lasted 01:26:34 (24026 turns).

hawla the Thaumaturge (White Draconian Venom Mage) Turns: 24026, Time: 01:26:35

Health: -5/100     AC: 13    Str: 21    XL:     13   Next: 40%
Magic:  16/48      EV: 13    Int: 21    God:    Vehumet [****..]
Gold:   385        SH:  5    Dex: 12    Spells: 7/38 levels left

rFire    . . .     SeeInvis +   B - staff of poison
rCold    + + .     Gourm    .   (no shield)
rNeg     . . .     Faith    .   (armour unavailable)
rPois    +         Spirit   .   p - +2 hat {SInv}
rElec    +         Reflect  +   d - +1 cloak
rCorr    .         Harm     .   G - +0 pair of gloves {archery}
MR       .....                  (no boots)
Stlth    ++........             K - amulet "Uquikot" {Reflect Int+6 SH+5}
HPRegen  0.26/turn              s - ring of magical power
MPRegen  0.31/turn              r - ring "Nour" {rElec rC+ MP+9 Str+9 Int-4}

@: very slightly contaminated
A: breathe frost, unfitting armour, cold resistance 1, cold-blooded, AC +8
a: Breathe Frost, Renounce Religion


You were on level 13 of the Dungeon.
You worshipped Vehumet.
Vehumet was greatly pleased with you.
You were not hungry.

You visited 2 branches of the dungeon, and saw 14 of its levels.
You also visited: Bailey and Ice Cave.

You collected 989 gold pieces.
You spent 604 gold pieces at shops.

Inventory:

Hand Weapons
 h - a +0 quarterstaff
Missiles
 e - 5 throwing nets
 o - 31 boomerangs (quivered)
 M - 7 silver javelins
Armour
 d - a +1 cloak (worn)
 p - a +2 hat of see invisible (worn)
 G - a +0 pair of gloves of archery (worn)
Magical Staves
 B - an uncursed staff of poison (weapon)
 T - an uncursed staff of conjuration {unknown}
Jewellery
 q - an uncursed ring of positive energy
 r - the ring "Nour" (right hand) {rElec rC+ MP+9 Str+9 Int-4}
   (You found it on level 6 of the Dungeon)

   [ring of magical power]

   It affects your strength (+9).
   It affects your intelligence (-4).
   It protects you from cold.
   It insulates you from electricity.
   It affects your magic capacity (+9).
 s - a ring of magical power (left hand)
 H - an uncursed ring of fire
 K - the amulet "Uquikot" (around neck) {Reflect Int+6 SH+5}
   (You bought it in a shop on level 4 of the Dungeon)

   [amulet of reflection]

   It shields you and reflects attacks.
   It affects your intelligence (+6).
   It affects your SH (+5).
 N - an uncursed ring of protection from cold {unknown}
 O - an uncursed ring of ice {unknown}
Wands
 n - a wand of acid (10)
 C - a wand of iceblast (31)
 E - a wand of clouds (5)
 I - a wand of digging (3)
 S - a wand of disintegration (19)
Scrolls
 f - 5 scrolls of remove curse
 k - 8 scrolls of teleportation
 t - 2 scrolls of blinking {unknown}
 v - 4 scrolls of enchant armour
 w - 3 scrolls of immolation {unknown}
 y - 3 scrolls of fear {unknown}
 z - 2 scrolls of enchant weapon
 J - 2 scrolls of vulnerability
 L - a scroll of silence
 P - a scroll of identify
 Q - a scroll of random uselessness {unknown}
Potions
 a - 5 potions of lignification
 c - a potion of flight
 g - 3 potions of cancellation
 i - 5 potions of stabbing {unknown}
 j - 6 potions of might
 l - 3 potions of haste
 m - 5 potions of curing
 u - a potion of brilliance {unknown}
 A - 2 potions of magic {unknown}
 F - 2 potions of resistance
 R - 2 potions of ambrosia
Miscellaneous
 x - a box of beasts
Comestibles
 b - 11 rations


   Skills:
 + Level 5.1 Fighting
 + Level 5.0 Staves
 + Level 2.1 Throwing
 + Level 3.7 Dodging
 + Level 2.6 Stealth
 + Level 13.2 Spellcasting
 + Level 2.1 Conjurations
 + Level 2.3 Summonings
 + Level 3.6 Translocations
 + Level 5.3 Transmutations
 + Level 1.1 Fire Magic
 + Level 1.5 Ice Magic
 + Level 6.2 Air Magic
 * Level 5.0 Earth Magic
 - Level 10.5 Poison Magic
 + Level 5.3 Evocations


You had 7 spell levels left.
You knew the following spells:

 Your Spells              Type           Power        Failure   Level  Hunger
a - Sting                 Tmut/Pois      ####         1%          1    None
b - Poisonous Vapours     Pois/Air       ######       1%          2    None
c - Olgreb's Toxic Radia  Pois           ######..     1%          4    None
d - Blink                 Tloc           N/A          1%          2    None
e - Summon Ice Beast      Ice/Summ       ###.....     22%         4    None
f - Shock                 Conj/Air       ####         1%          1    None
g - Apportation           Tloc           ####..       1%          1    None
h - Iskenderun's Mystic   Conj/Tloc      ####....     4%          4    None
i - Ignite Poison         Fire/Tmut/Pois ######..     1%          3    None
j - Stone Arrow           Conj/Erth      ####..       1%          3    None
k - Starburst             Conj/Fire      ###.......   63%         6    #####..

Your spell library contained the following spells:

 Spells                   Type           Power        Failure   Level  Hunger
 Beastly Appendage        Tmut           #####.       1%          1    None
 Magic Dart               Conj           ###.         1%          1    None
 Summon Small Mammal      Summ           ###.         1%          1    None
 Sticks to Snakes         Tmut           #####...     1%          2    None
 Conjure Flame            Conj/Fire      ###.....     1%          3    None
 Mephitic Cloud           Conj/Pois/Air  ######..     1%          3    None
 Spider Form              Tmut/Pois      ######....   1%          3    None
 Call Imp                 Summ           ###.....     2%          2    None
 Animate Skeleton         Necr           N/A          4%          1    None
 Corona                   Hex            ##.....      4%          1    None
 Call Canine Familiar     Summ           ###.....     5%          3    None
 Slow                     Hex            ##......     7%          2    None
 Summon Lightning Spire   Summ/Air       ####....     8%          4    None
 Summon Guardian Golem    Hex/Summ       ###.....     9%          3    None
 Ice Form                 Ice/Tmut       ####....     12%         4    None
 Blade Hands              Tmut           #####.....   14%         5    ####...


Dungeon Overview and Level Annotations

Branches:
Dungeon (13/15)            Temple (1/1) D:7            Lair (0/6) D:10
    Orc (0/2) D:10         Bailey (visited)           IceCv (visited)
 Vaults: D:13-14

Altars:
Ashenzari
Cheibriados
Dithmenos
Elyvilon
Fedhas
Gozag
Hepliaklqana
Kikubaaqudgha
Makhleb
Nemelex Xobeh
Okawaru
Qazlal
Ru
Sif Muna
Trog
Uskayaw
Vehumet
Wu Jian
Xom
Yredelemnul
Zin
The Shining One

Shops:
D:4 =   D:11 *

Annotations:
D:6 3 runed translucent doors, Newbie's ghost, novice HOFi


Innate Abilities, Weirdness & Mutations

You can breathe waves of freezing cold.
You can buffet flying creatures when you breathe cold.
Your icy white scales are hard. (AC +8)
You cannot fit into any form of body armour.
Your flesh is cold resistant. (rC+)
You are cold-blooded and may be slowed by cold attacks.


Message History

Press: ? - help, Dir - move target cursor, f/p - deep elf mage
Aim: a deep elf mage, wielding a +0 short sword (poisoned)
You feel a surge of power!
Poisonous vapours surround the deep elf mage!
The deep elf mage is engulfed in poison gas.
The deep elf mage looks even sicker.
The gargoyle hurls a stone arrow at you.
The stone arrow hits you!
* * * LOW HITPOINT WARNING * * *
Casting: Poisonous Vapours (safe; 1% risk of failure)
Confirm with . or Enter, or press ? or * to list all spells.
You feel a surge of power!
You ignite the poison in your surroundings!
The deep elf mage seems to burn from within!!
You kill the deep elf mage!
Vehumet accepts your kill.
You feel your power returning.
Your Earth Magic skill increases to level 5!
The gargoyle hits you with a +0 flail!!
You die...

#...............#.##.#
#.#########.......##.#
#.# #.########.# #.#
#.# #.# #.# #'# #.#
#####.# ... #.#
.........#### ... #.#
.###........# ...
#.#...##@#.....
#......9.9......
#.....†..#......
......)#####.....
##.##### #.... # #...
#'# .#


You could see 2 gargoyles.

Vanquished Creatures
  A frost giant (IceCv)
  An orc warlord (Bailey)
  Snorg (D:11)
  Harold (D:9)
  A centaur warrior (D:13)
  A two-headed ogre (D:12)
  2 death yaks (IceCv)
  Nergalle (D:11)
  2 unseen horrors
  Pikel (D:8)
  5 ugly things
  A deep elf mage (D:13)
  2 cyclopes
  A manticore (D:11)
  Joseph (D:8)
  A black mamba (shapeshifter) (D:13)
  An ice statue (IceCv)
  Psyche (D:8)
  Maurice (D:8)
  5 trolls
  A hornet (D:8)
  16 polar bears (IceCv)
  A meliai zombie (D:12)
  2 hippogriffs (D:12)
  2 wyverns
  A wraith (D:9)
  43 yaks
  2 hungry ghosts
  A steam dragon (D:10)
  3 wargs
  A water moccasin (D:8)
  7 orc warriors
  9 ice beasts
  2 sky beasts
  7 ogres
  2 phantoms
  20 wolves
  3 centaurs
  A crocodile (D:12)
  A big kobold (D:12)
  4 bullfrogs
  A water moccasin zombie (D:8)
  4 scorpions
  A wyvern skeleton (D:12)
  11 killer bees
  2 electric eels (D:10)
  2 howler monkeys
  3 crimson imps
  3 bullfrog zombies
  16 hounds
  A centaur zombie (D:5)
  3 orc priests
  A bullfrog skeleton (D:9)
  A gnoll shaman (D:6)
  3 jellies
  3 centaur skeletons
  2 iguanas
  6 worker ants
  12 orc wizards
  2 killer bee zombies
  A hound skeleton (D:4)
  16 gnolls
  12 adders
  A howler monkey skeleton (D:4)
  4 shadow imps
  2 oozes
  An adder skeleton (D:4)
  A worm (D:2)
  A dart slug (D:1)
  5 leopard geckos
  47 orcs
  2 ball pythons
  4 bats
  3 giant cockroaches
  18 goblins
  8 hobgoblins
  14 jackals
  27 kobolds
  4 quokkas
  3 frilled lizards
  A jackal zombie (D:7)
  2 leopard gecko skeletons
  8 rats
422 creatures vanquished.

Vanquished Creatures (collateral kills)
  A troll (D:11)
  A warg (D:9)
  A bullfrog (D:10)
3 creatures vanquished.

Vanquished Creatures (others)
  4 slaves (D:8)
  A worker ant (D:8)
  2 plants (D:6)
7 creatures vanquished.

Grand Total: 432 creatures vanquished

Notes
Turn   | Place    | Note
-------+----------+-------------------------------------------
     0 | D:1      | hawla the Draconian Venom Mage began the quest for the Orb.
     0 | D:1      | Reached XP level 1. HP: 14/14 MP: 3/3
   228 | D:1      | Reached XP level 2. HP: 13/20 MP: 0/5
   235 | D:1      | Learned a level 2 spell: Poisonous Vapours
  1356 | D:2      | Reached XP level 3. HP: 23/26 MP: 0/6
  1876 | D:2      | Reached skill level 1 in Air Magic
  2039 | D:2      | Reached XP level 4. HP: 33/33 MP: 4/8
  2343 | D:2      | Reached skill level 3 in Spellcasting
  2451 | D:2      | Learned a level 4 spell: Olgreb's Toxic Radiance
  2904 | D:3      | Reached XP level 5. HP: 38/38 MP: 1/9
  3054 | D:3      | Found a glowing golden altar of the Shining One.
  3975 | D:4      | Learned a level 2 spell: Blink
  4539 | D:4      | Found Coevoile's Jewellery Boutique.
  4547 | D:4      | Reached XP level 6. HP: 45/45 MP: 2/11
  4553 | D:4      | Reached skill level 4 in Spellcasting
  4553 | D:4      | Reached skill level 5 in Poison Magic
  5260 | D:4      | Found a blossoming altar of Fedhas.
  5282 | D:4      | Reached skill level 1 in Fighting
  5351 | D:4      | Your scales start taking on an icy white colour.
  5351 | D:4      | Reached XP level 7. HP: 31/52 MP: 13/13
  5351 | D:4      | Gained mutation: Your flesh is cold resistant. (rC+) [White
                  | Draconian growth]
  5870 | D:5      | Entered Level 5 of the Dungeon
  6046 | D:5      | Reached skill level 1 in Staves
  6315 | D:5      | Reached skill level 5 in Spellcasting
  6820 | D:5      | Reached XP level 8. HP: 16/61 MP: 6/15
  7246 | D:5      | You fall into a shaft and drop 1 floor!
  8544 | D:6      | Found a white marble altar of Elyvilon.
  8545 | D:6      | Found an opulent altar of Gozag.
  8548 | D:6      | Found a bloodstained altar of Trog.
  8550 | D:6      | Found a stormy altar of Qazlal.
  8553 | D:6      | Found a glowing silver altar of Zin.
  8704 | D:6      | Reached skill level 6 in Spellcasting
  8798 | D:6      | Got a clouded jade ring
  8882 | D:6      | Found a runed translucent gate.
  8882 | D:6      | Found a runed translucent gate.
  8882 | D:6      | Found a runed translucent gate.
  8884 | D:6      | Noticed Newbie's ghost (novice HOFi)
  8988 | D:6      | Identified the ring "Nour" {rElec rC+ MP+9 Str+9 Int-4}
                  | (You found it on level 6 of the Dungeon)
  9109 | D:7      | Found a flagged portal.
  9119 | Bailey   | Entered a bailey
  9147 | Bailey   | Noticed an orc warlord
  9416 | Bailey   | Found a runed translucent gate.
  9417 | Bailey   | Found a runed translucent gate.
  9418 | Bailey   | Found a runed translucent gate.
  9650 | Bailey   | Killed an orc warlord
  9650 | Bailey   | Reached skill level 7 in Spellcasting
  9650 | Bailey   | Reached skill level 1 in Translocations
  9650 | Bailey   | Reached XP level 9. HP: 35/68 MP: 14/20
  9937 | D:7      | Found a staircase to the Ecumenical Temple.
  9956 | Temple   | Entered the Ecumenical Temple
 10011 | Temple   | Became a worshipper of Vehumet
 11278 | D:8      | Identified 2 scrolls of acquirement
 11278 | D:8      | Acquired an uncursed staff of poison
 11327 | D:8      | Noticed Pikel
 11339 | D:8      | Killed Pikel
 11339 | D:8      | Reached skill level 1 in Throwing
 11339 | D:8      | Reached skill level 8 in Spellcasting
 11498 | D:8      | Reached XP level 10. HP: 73/77 MP: 22/22
 11646 | D:8      | Found a sparkling altar of Nemelex Xobeh.
 11646 | D:8      | Noticed Maurice
 11663 | D:8      | Killed Maurice
 11663 | D:8      | Reached skill level 5 in Air Magic
 12253 | D:8      | Noticed Psyche
 12263 | D:8      | Killed Psyche
 12357 | D:8      | Noticed Joseph
 12372 | D:8      | Killed Joseph
 13076 | D:9      | Noticed Harold
 13102 | D:9      | Killed Harold
 13102 | D:9      | Reached skill level 9 in Spellcasting
 13102 | D:9      | Reached skill level 1 in Evocations
 13123 | D:9      | Reached * piety under Vehumet
 13123 | D:9      | Offered knowledge of Foxfire by Vehumet.
 13128 | D:9      | Learned a level 1 spell: Summon Small Mammal
 13422 | D:8      | Acquired a +2 hat of see invisible
 15038 | D:9      | Reached XP level 11. HP: 57/83 MP: 24/24
 15044 | D:9      | Reached skill level 1 in Summonings
 15645 | D:4      | Bought the amulet "Uquikot" {Reflect Int+6 SH+5} for 496
                  | gold pieces
 15821 | D:10     | Entered Level 10 of the Dungeon
 15891 | D:10     | Offered knowledge of Shock by Vehumet.
 15891 | D:10     | Reached ** piety under Vehumet
 15891 | D:10     | Reached skill level 10 in Poison Magic
 16140 | D:9      | Learned a level 3 spell: Call Canine Familiar
 16142 | D:9      | Learned a level 1 spell: Shock
 16165 | D:9      | HP: 4/83 [wraith (4)]
 16683 | D:10     | Found a staircase to the Lair.
 16938 | D:10     | Reached skill level 10 in Spellcasting
 17092 | D:10     | Found a staircase to the Orcish Mines.
 17675 | D:10     | Offered knowledge of Inner Flame by Vehumet.
 17682 | D:10     | Learned a level 4 spell: Summon Ice Beast
 18120 | D:11     | Noticed Snorg
 18403 | D:11     | Reached *** piety under Vehumet
 18405 | D:11     | Killed Snorg
 18405 | D:11     | Reached skill level 1 in Ice Magic
 18405 | D:11     | Reached skill level 5 in Evocations
 18630 | D:11     | Found Nuqud's Assorted Antiques.
 18636 | D:11     | Bought a scroll labeled GEUVOSCHEKU for 36 gold pieces
 18636 | D:11     | Bought a scroll labeled ZIRAARGH XUJU for 36 gold pieces
 18636 | D:11     | Bought a scroll labeled FOUGOU WITUSM for 36 gold pieces
 18931 | D:11     | Found a glowing golden altar of the Shining One.
 18990 | D:11     | Noticed an unseen horror
 19003 | D:11     | Killed an unseen horror
 19174 | D:11     | Reached skill level 11 in Spellcasting
 19306 | D:11     | Noticed Nergalle
 19318 | D:11     | Killed Nergalle
 19318 | D:11     | Reached XP level 12. HP: 91/91 MP: 27/27
 19346 | D:11     | Found a bloodstained altar of Trog.
 19472 | D:12     | Found a frozen archway.
 19525 | D:12     | Offered knowledge of Iskenderun's Mystic Blast by Vehumet.
 19579 | IceCv    | Entered an ice cave
 19779 | IceCv    | Learned a level 1 spell: Apportation
 19784 | IceCv    | Learned a level 4 spell: Iskenderun's Mystic Blast
 19831 | IceCv    | Learned a level 3 spell: Ignite Poison
 20483 | IceCv    | Reached skill level 1 in Conjurations
 20672 | IceCv    | Reached **** piety under Vehumet
 20672 | IceCv    | Reached skill level 12 in Spellcasting
 21100 | IceCv    | Offered knowledge of Stone Arrow by Vehumet.
 21100 | IceCv    | Reached skill level 5 in Transmutations
 21118 | IceCv    | Learned a level 3 spell: Stone Arrow
 21228 | IceCv    | Noticed a death yak
 21228 | IceCv    | Noticed a death yak
 21233 | IceCv    | Reached skill level 1 in Earth Magic
 21233 | IceCv    | Killed a death yak
 21233 | IceCv    | Killed a death yak
 21282 | IceCv    | Noticed a frost giant
 21288 | IceCv    | Killed a frost giant
 21557 | D:12     | Reached skill level 1 in Fire Magic
 21557 | D:12     | Reached XP level 13. HP: 75/99 MP: 29/29
 21973 | D:12     | Reached ***** piety under Vehumet
 21973 | D:12     | Offered knowledge of Starburst by Vehumet.
 21981 | D:12     | Learned a level 6 spell: Starburst
 22222 | D:12     | Reached skill level 5 in Fighting
 22344 | D:12     | Reached skill level 13 in Spellcasting
 23791 | D:13     | Reached skill level 5 in Staves
 24026 | D:13     | Reached skill level 5 in Earth Magic
 24026 | D:13     | Slain by a gargoyle

Illustrated notes

Levels and vault maps discovered:
D:1:      sevenhm_arrival_forest_fort_small_4, layout_loops_cross,
          minmay_misc_feat_rows, chequers_serial_rivers_large_a
D:2:      layout_loops_corners
D:3:      layout_basic, tso_altar
D:4:      layout_loops_ring, fedhas_ov_isle_minmay, first_ration, serial_shops,
          kennysheep_mini_moat, serial_park_tiny_2, grunt_ministairs_6
D:5:      layout_basic, minmay_fractal_squares_diagonal_5
D:6:      layout_loops_cross, minitemple, gammafunk_ghost_nasty_kobolds
D:7:      layout_loops_ring, minmay_temple_entry_ruins, enter_bailey_3,
          grunt_ogre_cave
D:8:      layout_layer_cave, lemuel_crystal_altar, uniq_pikel, uniq_joseph,
          uniq_maurice, uniq_psyche
D:9:      layout_stronghold, uniq_harold
D:10:     layout_roguey, erik_lair_island, minmay_orc_entry_guard_dogs
D:11:     layout_loops_cross, serial_shops,
          nicolae_shop_competitors_out_of_business, basic_altar,
          lemuel_tele_altar, uniq_snorg, uniq_nergalle
D:12:     layout_rooms, portal_ice_cave_entry_ice_beasts, minmay_circle_x
D:13:     layout_loops_corners
Temple:   eino_wide_crystal_templ

Skill      XL: |  1  2  3  4  5  6  7  8  9 10 11 12 13 |
---------------+----------------------------------------+-----
Air Magic      | 1 2 4 5 6 |  6.2
Spellcasting   | 3 4 5 7 8 9 11 12 13 | 13.2
Poison Magic   | 4 5 6 8 9 10 | 10.5
Transmutations | 2 3 5 |  5.3
Fighting       | 1 2 3 4 5 |  5.1
Staves         | 2 3 4 5 |  5.0
Translocations | 1 2 3 |  3.6
Throwing       | 1 2 |  2.1
Evocations     | 3 5 |  5.3
Summonings     | 2 |  2.3
Ice Magic      | 1 |  1.5
Dodging        | 3 |  3.7
Stealth        | 2 |  2.6
Conjurations   | 1 2 |  2.1
Earth Magic    | 3 5 |  5.0
Fire Magic     | 1 |  1.1

Action                   |  1- 3 |  4- 6 |  7- 9 | 10-12 | 13-15 || total
-------------------------+-------+-------+-------+-------+-------++-------
Melee: Unarmed           |    13 |    43 |       |       |       ||    56
       Tailslap          |       |     5 |    11 |    48 |    24 ||    88
       Quarterstaff      |       |    30 |   128 |    56 |       ||   214
       Staff             |       |       |       |   226 |   111 ||   337
Throw: Throwing net      |       |       |     6 |       |       ||     6
       Boomerang         |       |       |     2 |    30 |       ||    32
 Cast: Sting             |    35 |    40 |    51 |    58 |    11 ||   195
       Poisonous Vapours |    23 |    45 |    82 |    82 |    23 ||   255
       Olgreb's Toxic Ra |       |     8 |    22 |   105 |    19 ||   154
       Blink             |       |     1 |     7 |    29 |     2 ||    39
       Summon Small Mamm |       |       |       |    12 |       ||    12
       Shock             |       |       |       |    68 |    17 ||    85
       Call Canine Famil |       |       |       |     7 |       ||     7
       Summon Ice Beast  |       |       |       |     6 |       ||     6
       Ignite Poison     |       |       |       |    15 |    10 ||    25
       Iskenderun's Myst |       |       |       |     6 |     5 ||    11
       Stone Arrow       |       |       |       |     1 |    13 ||    14
 Abil: Breathe Frost     |       |       |       |       |     2 ||     2
Evoke: Wand              |       |       |       |    10 |     1 ||    11
  Use: Scroll            |     2 |     5 |     6 |     8 |       ||    21
       Potion            |       |     7 |     1 |    10 |     1 ||    19
 Stab: Sleeping          |       |       |       |     2 |       ||     2
       Distracted        |       |       |       |     1 |       ||     1
  Eat: Chunk             |     5 |    12 |    18 |    19 |       ||    54
       Ration            |       |     1 |     2 |     6 |     3 ||    12
Armor: Skin              |    12 |    52 |    59 |   227 |    66 ||   416
Dodge: Dodged            |    17 |    68 |   117 |   344 |   101 ||   647
Block: Other             |       |       |       |    89 |    43 ||   132
       Reflection        |       |       |       |     1 |     2 ||     3
